 Dungeon Crawl Stone Soup version 0.17.1-2-g5865329 (webtiles) character file.

1527 kaze the Ducker (level 8, 0/79 HPs)
             Began as a Troll Berserker on Feb 2, 2016.
             Was a Priest of Trog.
             Slain by a wight
             ... wielding a cursed +0 morningstar
              (2 damage)
             ... on level 6 of the Dungeon.
             The game lasted 00:18:59 (3779 turns).

kaze the Ducker (Troll Berserker)                   Turns: 3779, Time: 00:19:01

Health: 0/79       AC: 10    Str: 28    XL:     8   Next: 55%
Magic:  7/7        EV: 11    Int:  3    God:    Trog [***...]
Gold:   223        SH:  0    Dex:  9    Spells: 0 memorised, 7 levels left

rFire  . . .     SeeInvis .     k - +2 mace (protect)
rCold  . . .     Clarity  .     a - +0 animal skin
rNeg   . . .     SustAt   .     (no shield)
rPois  .         Gourm    +     (helmet restricted)
rElec  .         Spirit   .     (no cloak)
rCorr  +         Warding  .     (gloves unavailable)
rMut   .         Stasis   .     (boots unavailable)
MR     ++...                    p - amulet of resist corrosion
Stlth  +.........               (no ring)
                                (no ring)

@: lethally poisoned (0 -> 0), exhausted, regenerating, slowed, drained, very
slow, very resistant to hostile enchantments, very unstealthy
A: unfitting armour, claws 3, fast metabolism 3, gourmand, regeneration 2,
shaggy fur 1, tough skin 2
a: Berserk, Trog's Hand, Burn Spellbooks, Renounce Religion


You were on level 6 of the Dungeon.
You worshipped Trog.
Trog was most pleased with you.
You were full.

You visited 1 branch of the dungeon, and saw 7 of its levels.

You collected 223 gold pieces.

Inventory:

Hand Weapons
 k - a +2 mace of protection (weapon)
 q - a +0 battleaxe
Armour
 a - a +0 animal skin (worn)
Jewellery
 p - an amulet of resist corrosion (around neck)
Wands
 m - a wand of confusion (29)
Scrolls
 d - 2 scrolls of random uselessness {unknown}
 e - a scroll of enchant weapon {unknown}
 f - 7 scrolls of identify {unknown}
 g - 2 scrolls of remove curse {unknown}
 h - a scroll of immolation {unknown}
 i - a scroll of recharging {unknown}
Potions
 j - 4 potions of heal wounds
 l - a potion of berserk rage {unknown}
 n - 3 potions of curing {unknown}
Comestibles
 b - a bread ration
 c - 3 meat rations


   Skills:
 + Level 4.9(4.2) Fighting
 + Level 3.3(2.7) Maces & Flails
 + Level 7.0(6.3) Dodging
 + Level 0.1(0.0) Stealth
 + Level 4.5(3.8) Unarmed Combat


You had 7 spell levels left.
You didn't know any spells.

Dungeon Overview and Level Annotations

Branches:
Dungeon (7/15)             Temple (0/1) D:6

Altars:
Fedhas
Qazlal
Xom
Yredelemnul
Zin

Annotations:
D:7 Bubs's ghost, novice DsAK


Innate Abilities, Weirdness & Mutations

You are too large for most types of armour.
You have claws for hands.
Your metabolism is lightning-fast.
You like to eat raw meat.
You heal very quickly.
You are covered in fur (AC +1).
You have very tough skin (AC +2).


Message History

You can't go down here!
You feel sick.
The giant gecko bites you but does no damage.
The worker ant barely misses you. The wight hits you but does no damage.
Bubs's ghost hits you but does no damage.
The giant gecko bites you but does no damage.
The worker ant bites you.
* * * LOW HITPOINT WARNING * * *
You are more poisoned.
The worker ant poisons you!
You climb upwards.
You feel very sick.
There is a stone staircase leading down here.
Your skin crawls.
You feel resistant to hostile enchantments.
You feel slightly less full.
You feel sick. The giant gecko misses you.
The wight hits you with a morningstar!
* * * LOW HITPOINT WARNING * * *
You feel drained.
You die...

#.# ####.###### #.#.. #. #.#
##'## #.##.# #. #.# ##...## #.#
.# #. #.## ##.....## ##.##.###.
##..## ##.......## ##.........
##....####.........####..>##.####
.........'.........+.......#.#
##....####.......l.####......#
#.#.## ##....z@.## ##.#.### #.###
##....a## ###.# #.# ##...## #.#
#.# ##+## #.# #.# ####.# #.# #.#
#...^## #.# #.# ####.....## #.#
#.# #.........# #.# #.#
#.###.....# #.#


You could see a worker ant, a wight and a giant gecko.

Vanquished Creatures
  Pikel (D:5)
  The ghost of SaintRoka the Slasher, an amateur NaWn (D:4)
  Duvessa (D:5)
  An orc warrior (D:6)
  A phantom (D:4)
  A centaur (D:6)
  A wight (D:7)
  A crimson imp (D:5)
  A giant frog zombie (D:6)
  2 orc priests
  Jessica (D:3)
  6 orc wizards
  A worker ant (D:6)
  A hound skeleton (D:6)
  7 adders
  2 shadow imps (D:5)
  4 oozes
  4 worms
  2 giant geckos (D:3)
  19 orcs
  4 bats
  6 hobgoblins
  7 jackals
  4 giant cockroaches
  4 giant newts
  9 goblins
  A jackal skeleton (D:4)
  7 kobolds
  2 quokkas
  A quokka skeleton (D:6)
  8 rats
  A plant (D:5)
112 creatures vanquished.

Vanquished Creatures (others)
  Dowan (D:5)
1 creature vanquished.

Grand Total: 113 creatures vanquished

Notes
Turn   | Place    | Note
--------------------------------------------------------------
     0 | D:1      | kaze the Troll Berserker began the quest for the Orb.
     0 | D:1      | Reached XP level 1. HP: 22/22 MP: 0/0
    75 | D:1      | Reached XP level 2. HP: 29/29 MP: 1/1
   189 | D:1      | Reached ** piety under Trog
   506 | D:2      | Reached XP level 3. HP: 33/36 MP: 2/2
   813 | D:2      | Found a stormy altar of Qazlal.
   816 | D:2      | Noticed an air elemental
   819 | D:2      | Noticed a fire elemental
   823 | D:2      | Noticed a water elemental
   824 | D:2      | Noticed an earth elemental
   880 | D:3      | Reached XP level 4. HP: 44/44 MP: 3/3
   884 | D:3      | Reached skill level 4 in Unarmed Combat
  1062 | D:3      | Noticed Jessica
  1073 | D:3      | Killed Jessica
  1073 | D:3      | Reached XP level 5. HP: 41/53 MP: 4/4
  1108 | D:3      | Reached *** piety under Trog
  1465 | D:3      | Found a blossoming altar of Fedhas.
  1739 | D:4      | Noticed SaintRoka's ghost (amateur NaWn)
  1766 | D:4      | Killed SaintRoka's ghost
  1766 | D:4      | Reached skill level 1 in Maces & Flails
  1766 | D:4      | Reached XP level 6. HP: 25/61 MP: 5/5
  1927 | D:4      | Noticed a phantom
  2010 | D:4      | Killed a phantom
  2311 | D:5      | Entered Level 5 of the Dungeon
  2436 | D:5      | Noticed Pikel
  2454 | D:5      | Killed Pikel
  2454 | D:5      | Reached skill level 6 in Dodging
  2454 | D:5      | Reached XP level 7. HP: 70/70 MP: 6/6
  2462 | D:5      | Found a basalt altar of Yredelemnul.
  2488 | D:5      | Found a shimmering altar of Xom.
  2489 | D:5      | Noticed an angel
  2490 | D:5      | Found a glowing silver altar of Zin.
  2497 | D:5      | Noticed Duvessa
  2497 | D:5      | Noticed Dowan
  2500 | D:5      | Killed Dowan
  2517 | D:5      | Killed Duvessa
  2517 | D:5      | Reached XP level 8. HP: 32/79 MP: 7/7
  2707 | D:5      | Found a shimmering altar of Xom.
  2849 | D:6      | Found a staircase to the Ecumenical Temple.
  3757 | D:7      | Noticed Bubs's ghost (novice DsAK)
  3770 | D:7      | Reached skill level 7 in Dodging
  3779 | D:6      | HP: 2/79 [wight/morningstar (10)]
  3779 | D:6      | Slain by a wight

Action                   |  1- 3 |  4- 6 |  7- 9 || total
-------------------------+-------+-------+-------++-------
Melee: Unarmed           |   101 |    82 |       ||   183
       Mace              |       |   110 |   167 ||   277
Invok: Berserk           |     1 |     3 |     3 ||     7
       Trog's Hand       |       |     1 |     2 ||     3
  Eat: Chunk             |     5 |    10 |    13 ||    28
       Meat ration       |       |     1 |     1 ||     2
       Beef jerky        |       |     1 |       ||     1
       Bread ration      |       |     1 |       ||     1
       Pizza             |       |       |     1 ||     1
